 Dungeon Crawl Stone Soup version 0.30-a0-694-g3340775977 (webtiles) character file.

Game seed: 12591002783666752317

330 M4edhros the Changer (level 6, -4/36 HPs)
             Began as an Octopode Wanderer on Jan 20, 2023.
             Was an Elder of Cheibriados.
             Killed from afar by an orc wizard (8 damage)
             ... with a puff of flame
             ... on level 5 of the Dungeon.
             The game lasted 00:08:23 (1630 turns).

M4edhros the Changer (Octopode Wanderer)            Turns: 1630, Time: 00:08:24

Health: -4/36      AC:  1    Str: 20    XL:     6   Next: 51%
Magic:  7/7        EV: 15    Int: 21    God:    Cheibriados [****..]
Gold:   159        SH:  0    Dex: 25    Spells: 2/7 levels left

rFire   . . .      SeeInvis .      - Unarmed
rCold   . . .      Faith    .    h - +0 buckler
rNeg    . . .      Spirit   .    c - +0 hat
rPois   .          Reflect  +    r - amulet of reflection
rElec   .          Harm     .    (no ring)
rCorr   .          Rampage  .    (no ring)
Will    .....                    (no ring)
Stlth   ++                       (no ring)
HPRegen 0.26/turn                (no ring)
MPRegen 0.10/turn                (no ring)
                                 (no ring)
                                 (no ring)

@: confused, lethally poisoned (-4 -> -23), ambrosia-drunk, very slow
A: almost no armour, amphibious, 8 rings, camouflage 1, gelatinous body 1,
(nimble swimmer 1), tentacles
a: Renounce Religion, Bend Time, Temporal Distortion, Slouch


You were on level 5 of the Dungeon.
You worshipped Cheibriados.
Cheibriados was greatly pleased with you.
You visited 1 branch of the dungeon, and saw 5 of its levels.

You collected 159 gold pieces.

Inventory:

Hand Weapons
 a - a +2 dagger
Missiles
 b - 3 curare-tipped darts
 o - 2 poisoned darts (quivered)
 x - 4 javelins
Armour
 c - a +0 hat (worn)
 h - a +0 buckler (worn)
 j - a +0 tower shield
 u - a +0 tower shield
 w - a +0 buckler
Jewellery
 g - a ring of fire
 r - an amulet of reflection (around mantle)
Wands
 t - a wand of roots (6)
Scrolls
 d - 2 scrolls of fog
 e - 2 scrolls of teleportation {unknown}
 f - a scroll of identify {unknown}
 k - 2 scrolls of torment {unknown}
 l - a scroll of fear {unknown}
 m - a scroll of noise {unknown}
 p - a scroll of enchant weapon {unknown}
Potions
 i - 2 potions of ambrosia
 q - a potion of lignification {unknown}
 s - 3 potions of resistance {unknown}
 v - 2 potions of mutation {unknown}


   Skills:
 - Level 4.0 Throwing
 * Level 3.6 Dodging
 + Level 1.9 Shields
 * Level 3.0 Unarmed Combat
 - Level 1.0 Spellcasting
 * Level 4.1 Transmutations
 * Level 2.5 Poison Magic


You had 2 spell levels left.
You knew the following spells:

 Your Spells              Type           Power      Damage    Failure   Level
a - Beastly Appendage     Tmut           36%        N/A       3%          1
b - Spider Form           Tmut/Pois      15%        N/A       16%         3
c - Apportation           Tloc           2%         N/A       22%         1

Your spell library contained the following spells:

 Spells                   Type           Power      Damage    Failure   Level
 Passwall                 Tmut/Erth      7%         N/A       14%         2
 Necrotise                Necr           4%         1d4       22%         1
 Summon Small Mammal      Summ           4%         N/A       22%         1
 Ensorcelled Hibernation  Hex/Ice        2%         N/A       32%         2
 Swiftness                Air            1%         N/A       54%         3


Dungeon Overview and Level Annotations

Branches:
Dungeon (5/15)
 Temple: D:4-7

Altars:
Cheibriados
Dithmenos
Kikubaaqudgha


Innate Abilities, Weirdness & Mutations

You cannot wear most types of armour.
You are amphibious.
You can wear up to eight rings at the same time.
Your skin changes colour to match your surroundings (Stealth+).
Your rubbery body absorbs attacks. (AC +1, EV +1)
((You are camouflaged when in or above water. (Stealth+)))
You have tentacles for arms and can constrict up to eight enemies at once.


Message History

You are more poisoned.
You feel better. Something hits you.
You are poisoned.
Aiming: Fastroot
Press: ? - help, Shift-Dir - straight line, f - orc
Aim: an orc, wielding a +0 club and wearing a +0 scale mail (heavily wounded)
The roots erupt in riotous growth!
Roots grab the orc.
The grasping roots constrict the orc.
You kill the orc!
Cheibriados appreciates the change of pace.
You feel sick. Something completely misses you.
Okay, then.
You miss something.
You feel sick. You block something's attack.
Aiming: Fastroot
Press: ? - help, Shift-Dir - straight line, f - gnoll
Aim: a gnoll, wielding a +0 club The roots erupt in riotous growth!
Roots grab the gnoll.
The grasping roots constrict the gnoll.
You feel sick. Something hits you.
* * * LOW HITPOINT WARNING * * *
You are confused.
You feel invigorated.
The grasping roots constrict the gnoll.
You feel sick.
The roots release their grip on the gnoll.
Something hits you.
* * * LOW HITPOINT WARNING * * *
You are lethally poisoned!
You barely miss something. Your squeeze misses something.
* * * LOW HITPOINT WARNING * * *
You feel sick. Something hits you.
* * * LOW HITPOINT WARNING * * *
You are more poisoned.
You barely miss something.
Your tentacle-slap misses something.
Your squeeze misses something.
* * * LOW HITPOINT WARNING * * *
You feel very sick.
You hear some strange, mumbled words.
A puff of flame appears from out of thin air!
The puff of flame hits you!
You die...

...# ..h.# ...#
....# ...# ....#
##.# ....# ..
...
######o######
#go.ogo......
#{####.######
#@# .# #.# .#
#.# .#
####'####+##
#...........
#...........
#...........
##...........
####..†.........


You could see a gnoll and an orc.

Vanquished Creatures
  4 hounds
  2 jellies (D:4)
  An orc wizard (D:4)
  4 adders
  A worm (D:4)
  A dart slug (D:2)
  2 orcs
  7 ball pythons
  10 endoplasms
  3 giant cockroaches
  7 goblins
  14 hobgoblins
  5 jackals
  4 bats
  4 frilled lizards
  8 kobolds
  4 rats
81 creatures vanquished.

Notes
Turn   | Place    | Note
-------+----------+-------------------------------------------
     0 | D:1      | M4edhros the Octopode Wanderer began the quest for the Orb.
     0 | D:1      | M4edhros set off with the following items: a +2 dagger, 3
                  | curare-tipped darts, a +0 hat, a scroll of fog; and the
                  | following spell memorised: Beastly Appendage; and the
                  | following spells available to memorise: Spider Form.
     0 | D:1      | Reached XP level 1. HP: 11/11 MP: 2/2
   144 | D:1      | Found a faded altar of an unknown god.
   154 | D:1      | Prayed at the altar of an unknown god.
   154 | D:1      | Became a worshipper of Cheibriados the Contemplative
   154 | D:1      | Reached * piety under Cheibriados
   181 | D:1      | Reached skill level 1 in Unarmed Combat
   181 | D:1      | Reached XP level 2. HP: 17/17 MP: 3/3
   360 | D:2      | Reached XP level 3. HP: 21/21 MP: 4/4
   385 | D:2      | Reached ** piety under Cheibriados
   616 | D:2      | Learned a level 3 spell: Spider Form
   647 | D:2      | Reached skill level 1 in Shields
   654 | D:2      | Found an ancient bone altar of Kikubaaqudgha.
   700 | D:3      | Reached XP level 4. HP: 27/27 MP: 5/5
   761 | D:3      | Found a shadowy altar of Dithmenos.
   908 | D:3      | Learned a level 1 spell: Apportation
   991 | D:4      | Reached skill level 1 in Poison Magic
  1003 | D:4      | Reached *** piety under Cheibriados
  1086 | D:5      | Entered Level 5 of the Dungeon
  1112 | D:4      | Reached XP level 5. HP: 22/31 MP: 6/6
  1119 | D:5      | Noticed an ice beast
  1376 | D:5      | Reached XP level 6. HP: 36/36 MP: 7/7
  1623 | D:5      | Reached **** piety under Cheibriados
  1630 | D:5      | Killed from afar by an orc wizard

Illustrated notes

Levels and vault maps discovered:
D:1:      amcnicky_arrival_wind_blow, layout_loops_corners,
          hellmonk_ecumenical_altar_lost_god
D:2:      layout_rooms, basic_altar, nicolae_figureground_pulse
D:3:      layout_loops_ring, nicolae_overflow_crystal_walls
D:4:      layout_basic
D:5:      layout_basic, lemuel_flame_loot_1

Skill      XL: |  1  2  3  4  5  6 |
---------------+-------------------+-----
Unarmed Combat | 1 2 3 |  3.0
Shields        | 1 |  1.9
Poison Magic   | 1 2 |  2.5
Dodging        | 3 |  3.6
Transmutations | 4 |  4.1
Throwing       | |  4.0
Spellcasting   | |  1.0

Action                   |  1- 3 |  4- 6 || total
-------------------------+-------+-------++-------
Melee: Dagger            |    64 |    32 ||    96
       Constrict         |    11 |    24 ||    35
       Tentacles         |    16 |    18 ||    34
       Kick              |     2 |       ||     2
       Unarmed           |       |    53 ||    53
       Punch             |       |     2 ||     2
 Cast: Beastly Appendage |     1 |       ||     1
Evoke: Wand              |       |     6 ||     6
  Use: Potion            |       |     6 ||     6
 Stab: Sleeping          |     9 |    12 ||    21
Armor: Skin              |     5 |     1 ||     6
Dodge: Dodged            |    28 |    43 ||    71
Block: Buckler           |    11 |    26 ||    37

Table legend: (Time is in decaauts)
 A = Elapsed time spent in this place.
 B = Non-inter-level travel time spent in this place.
 C = Inter-level travel time spent in this place.
 D = Time resting spent in this place.
 E = Time spent auto-exploring this place.
 F = Levels seen in this place.
 G = Mean time per level.
                   A        B        C        D        E       F      G
               +--------+--------+--------+--------+--------+-----+--------+
         Total |   2287 |   2099 |    188 |     30 |    111 |   5 |  457.4 |
       Dungeon |   2287 |   2099 |    188 |     30 |    111 |   5 |  457.4 |
               +--------+--------+--------+--------+--------+-----+--------+

Top non-repeatable levels by time:
     D:4: 743 daAuts
     D:3: 540 daAuts
     D:1: 528 daAuts
     D:2: 362 daAuts
     D:5: 110 daAuts
